Map: Blueshift LE

Players

UnitedGGK

  • Race: Terran Terran
  • League: Diamond
  • Spawn Location: 1:00

Leon - Winner!

  • Race: Terran Terran
  • League: Diamond
  • Spawn Location: 7:00

VOD

Have the link to the VOD?

Description

TvT Mech macro build

Time

  • Played on: Jan. 2, 2019, 6:28 p.m.
  • Length: 18:16
Show
View Real Time Build Order
Export as new Build Order

UnitedGGK Terran 

Build Orders:  

Get SALT Encoding   

  12  0:00  SCV  
  13  0:13  SCV  
  14  0:17  Supply Depot  
  14  0:25  SCV  
  15  0:39  Barracks, SCV  
  16  0:48  Refinery  
  16  0:51  SCV  
  17  1:03  SCV  
  18  1:15  SCV  
  19  1:27  Marine, SCV  
  19  1:29  Supply Depot  
  21  1:39  SCV  
  22  1:49  Command Center  
  22  1:55  Refinery  
  22  2:07  Factory  
  22  2:09  SCV  
  22  2:13  Marine  
  24  2:21  Orbital Command  
  24  2:33  Marine  
  25  2:51  Factory Tech Lab  
  25  2:53  Marine  
  26  2:58  Starport  
  26  3:01  SCV  
  27  3:11  Siege Tank  
  30  3:17  Bunker  
  30  3:18  Engineering Bay  
  30  3:20  SCV  
  30  3:21  SCV  
  32  3:28  Barracks Tech Lab  
  32  3:32  SCV  
  32  3:34  SCV  
  34  3:49  Orbital Command, SCV  
  34  3:51  Siege Tank  
  38  4:01  Marine  
  38  4:02  Stimpack  
  39  4:07  SCV  
  40  4:14  SCV  
  40  4:15  Armory  
  41  4:20  Marine  
  41  4:21  Viking  
  44  4:27  SCV x2  
  46  4:31  Missile Turret  
  46  4:36  Missile Turret  
  46  4:43  Supply Depot  
  46  5:01  Starport Reactor  
  46  5:04  Marine  
  46  5:05  Siege Tank, SCV x2  
  52  5:11  Missile Turret  
  52  5:17  SCV x2  
  52  5:20  Terran Vehicle Weapons Level 1  
  54  5:22  Marine  
  54  5:24  Refinery  
  54  5:25  Refinery  
  55  5:29  SCV x2  
  57  5:36  Barracks  
  57  5:38  Barracks  
  57  5:41  Barracks, SCV  
  58  5:53  Missile Turret  
  58  5:56  SCV x2  
  60  6:07  Supply Depot  
  60  6:08  SCV  
  60  6:09  Supply Depot  
  61  6:11  Marine  
  62  6:28  Siege Tank, Medivac x2, Combat Shield  
  62  6:29  Command Center  
  69  6:38  SCV  
  70  6:40  Barracks Reactor x2  
  70  6:49  Barracks Tech Lab  
  70  6:51  Engineering Bay  
  70  6:54  Armory  
  70  6:59  Terran Infantry Weapons Level 1  
  70  7:01  SCV x2  
  72  7:09  Marauder x2  
  76  7:33  Marine x2  
  78  7:40  Marine  
  78  7:41  Marine, Marauder x2, Siege Tank  
  78  7:43  Terran Infantry Armor Level 1  
  87  7:44  Command Center  
  87  7:51  Marine  
  88  7:58  Marine x3  
  88  8:02  Marauder x2  
  95  8:11  Terran Vehicle Weapons Level 2  
  95  8:13  Siege Tank  
  95  8:14  Terran Vehicle And Ship Armor Level 1  
  94  8:24  Marauder  
  96  8:29  Marine  
  96  8:30  Marine x2, Marauder  
  101  8:37  Supply Depot  
  101  8:38  Supply Depot  
  101  8:41  SCV x3  
  101  8:44  Marine  
  101  8:47  Marine x2  
  101  8:48  Marine  
  101  8:54  Marine x2  
  93  9:02  Marine  
  90  9:05  Marine  
  90  9:09  Marine x2  
  88  9:18  Orbital Command  
  88  9:25  Orbital Command  
  88  9:27  Sensor Tower  
  88  9:35  Terran Infantry Weapons Level 2  
  88  9:37  Siege Tank  
  91  9:38  Command Center x2  
  91  9:42  Starport  
  91  9:43  Starport  
  91  9:48  Sensor Tower  
  91  9:50  Orbital Command  
  91  9:57  Marine x6  
  97  10:01  Terran Infantry Armor Level 2  
  97  10:10  Refinery  
  97  10:12  Refinery  
  97  10:14  Marine  
  97  10:15  Marine x3  
  97  10:19  Medivac x3  
  97  10:20  Medivac  
  109  10:24  Terran Ship Weapons Level 1  
  109  10:36  Terran Vehicle And Ship Armor Level 2  
  109  10:40  Drilling Claws  
  109  10:42  Command Center  
  109  11:18  SCV x2  
  109  11:19  SCV  
  109  11:21  Orbital Command x2  
  112  11:30  SCV  
  112  11:31  SCV x2  
  102  11:34  Marine x3  
  102  11:35  Marine, Marauder x2  
  102  11:37  Siege Tank  
  102  11:38  Viking x2  
  102  11:39  Viking x2  
  102  11:56  Marauder  
  102  12:01  Planetary Fortress  
  100  12:03  Missile Turret x2  
  94  12:09  Terran Infantry Weapons Level 3, Siege Tank  
  94  12:14  Starport Tech Lab, Missile Turret  
  93  12:16  Starport Tech Lab  
  93  12:18  Fusion Core  
  93  12:21  Refinery  
  93  12:22  Refinery  
  93  12:28  Marine x6  
  95  12:35  Cloaking Field  
  95  12:36  Hyperflight Rotors  
  95  12:39  Smart Servos  
  95  12:45  Marine  
  95  12:46  Marine  
  90  13:24  Marine  
  90  13:25  Marine x5  
  94  13:27  Banshee x2  
  100  13:42  Marine  
  100  13:43  Marine x5  
  100  13:46  Command Center  
  103  13:50  Command Center  
  103  13:52  Missile Turret  
  103  13:53  Medivac  
  103  13:54  Medivac  
  103  13:55  Terran Infantry Armor Level 3, Missile Turret  
  107  14:00  Marine, Terran Ship Weapons Level 2  
  108  14:05  Terran Vehicle And Ship Armor Level 3  
  107  14:10  Banshee x2  
  107  14:13  Missile Turret  
  84  14:27  Marine x6  
  87  14:44  Marine  
  87  14:45  Marine x5  
  89  14:53  Banshee x2  
  94  15:02  Marine  
  94  15:03  Marine x5  
  99  15:09  SCV x4  
  103  15:20  Marine x2  
  103  15:21  Command Center, SCV  
  94  15:35  Banshee  
  94  15:40  Marine  
  94  15:41  Marine x5  
  103  15:54  Neosteel Armor  
  103  15:58  Marine x3  
  103  15:59  Marine x2  
  103  16:01  SCV x3  
  103  16:02  SCV  
  112  16:13  SCV  
  113  16:22  Marine x4, Marauder x2  
  113  16:25  Viking x4  
  129  16:32  Hi-Sec Auto Tracking  
  129  16:39  Marine  
  123  16:40  Marine x2  
  109  17:08  Marine  
  109  17:13  Banshee  
  109  17:14  Banshee  
  116  17:16  SCV x4  
  118  17:28  SCV  
  97  17:58  Marine  
Show
View Real Time Build Order
Export as new Build Order

Leon Terran - Winner!

Build Orders: Gas First Reaper Expand 

Get SALT Encoding   

  12  0:00  SCV  
  13  0:13  SCV  
  14  0:17  Supply Depot  
  14  0:25  SCV  
  14  0:27  Refinery  
  15  0:38  SCV  
  16  0:45  Barracks  
  16  0:50  SCV  
  17  1:04  SCV  
  18  1:16  SCV  
  19  1:32  Orbital Command  
  19  1:43  Barracks Reactor  
  19  1:45  Reaper  
  20  1:52  Command Center  
  20  2:03  Factory  
  20  2:07  SCV  
  21  2:19  Barracks Reactor  
  21  2:22  Supply Depot  
  21  2:23  Refinery  
  21  2:24  SCV  
  22  2:36  SCV  
  23  2:48  Hellion  
  25  2:58  SCV  
  25  3:03  Orbital Command  
  25  3:04  Barracks Tech Lab  
  26  3:15  Factory  
  26  3:20  Armory, SCV  
  27  3:29  Hellion x2  
  27  3:31  SCV  
  27  3:32  SCV  
  33  3:43  SCV  
  34  4:02  SCV x2  
  36  4:05  Refinery  
  36  4:06  Refinery  
  36  4:08  Engineering Bay  
  36  4:09  Terran Vehicle Weapons Level 1  
  36  4:14  SCV x2  
  38  4:19  Supply Depot  
  38  4:20  Barracks Reactor  
  38  4:26  SCV x2  
  38  4:27  Hellion x2, Supply Depot  
  44  4:38  SCV x2  
  46  4:39  Supply Depot  
  46  4:41  Siege Tank  
  49  4:49  Missile Turret  
  49  4:50  SCV x2  
  51  4:54  Hellion, Missile Turret  
  51  4:57  Hellion  
  55  5:08  Starport, SCV x2  
  57  5:20  SCV x2  
  58  5:36  Hellion, Siege Tank  
  58  5:37  Hellion, Command Center  
  65  5:49  Viking  
  67  5:51  SCV  
  67  5:52  SCV  
  69  6:03  Supply Depot  
  69  6:04  Supply Depot  
  69  6:05  Supply Depot  
  69  6:17  Supply Depot x2  
  69  6:25  Hellion x2, Terran Vehicle Weapons Level 2, Siege Tank  
  76  6:26  Missile Turret  
  76  6:31  Armory  
  76  6:36  Supply Depot  
  76  6:53  Hellion x2  
  80  6:54  Missile Turret  
  80  6:56  SCV x2  
  80  6:57  Siege Tank  
  80  6:59  SCV  
  86  7:06  Missile Turret  
  86  7:15  Refinery  
  86  7:19  Refinery, SCV x2  
  86  7:21  Orbital Command  
  88  7:29  Siege Tank  
  91  7:31  SCV x2  
  91  7:34  Command Center  
  91  7:35  Hi-Sec Auto Tracking  
  93  7:39  Missile Turret  
  93  7:42  Terran Vehicle And Ship Armor Level 1  
  93  7:43  SCV x2  
  95  7:53  Viking x2  
  95  7:55  SCV x2  
  101  8:01  Hellion, Siege Tank  
  106  8:07  SCV  
  107  8:23  SCV x3, Viking x2  
  114  8:33  Siege Tank  
  117  8:35  SCV x2  
  117  8:36  SCV  
  112  9:05  Siege Tank  
  114  9:13  Viking x2  
  116  9:25  Hellion x2  
  120  9:37  Siege Tank  
  123  9:41  Command Center  
  123  9:43  Viking x2  
  127  9:45  Factory  
  127  9:47  Hellion x2  
  131  9:53  Factory  
  131  9:54  Starport, Command Center  
  131  9:55  Command Center  
  131  9:59  Command Center  
  131  10:06  Orbital Command  
  131  10:08  Hellion  
  131  10:09  SCV x2  
  131  10:10  Siege Tank, SCV  
  131  10:13  Viking x2  
  143  10:21  SCV  
  143  10:23  Terran Vehicle And Ship Armor Level 2, Terran Vehicle Weapons Level 3  
  144  10:36  SCV x4  
  148  10:50  Neosteel Armor, Hellion x2, Missile Turret, Viking x2  
  148  10:51  Siege Tank, SCV x4  
  148  10:52  Sensor Tower  
  148  10:54  Planetary Fortress  
  148  10:56  Sensor Tower  
  163  11:04  Supply Depot  
  163  11:05  Refinery  
  163  11:07  Supply Depot, Refinery  
  163  11:08  Factory Tech Lab  
  163  11:09  Factory Tech Lab  
  163  11:12  Hellion x2, Starport Reactor  
  163  11:16  Missile Turret  
  167  11:20  Viking  
  167  11:22  Viking  
  167  11:23  Siege Tank  
  174  11:31  Smart Servos  
  166  11:50  Viking  
  168  11:55  Siege Tank  
  165  12:05  Infernal Pre-Igniter  
  165  12:07  Viking x2  
  161  12:08  Viking  
  163  12:20  Siege Tank  
  163  12:21  Hellion  
  163  12:22  Hellion x2  
  172  12:27  Siege Tank  
  175  12:34  Viking  
  175  12:36  SCV x5  
  184  12:37  Viking x2  
  184  12:38  Viking  
  184  12:41  Orbital Command  
  184  12:42  Hellion  
  184  12:43  Hellion  
  184  12:44  Hellion, Refinery x2  
  194  12:47  Supply Depot  
  194  12:48  Supply Depot, SCV  
  194  12:49  Terran Vehicle And Ship Armor Level 3  
  194  12:50  Missile Turret  
  195  12:52  Hellion  
  197  12:59  Siege Tank  
  197  13:03  Planetary Fortress  
  197  13:04  Viking  
  184  13:25  Missile Turret  
  176  13:27  Missile Turret  
  176  13:33  Thor  
  176  13:34  Hellion, Siege Tank x2  
  188  13:35  Hellion, Viking  
  190  13:51  Terran Ship Weapons Level 1  
  190  13:56  Hellion  
  192  14:05  Thor  
  184  14:24  Liberator x2  
  179  14:38  Thor  
  179  14:39  Siege Tank  
  179  14:40  Hellion x2  
  198  15:15  Hellion  
  186  15:39  Liberator x2  
  186  15:40  Liberator x2  
  186  15:55  Orbital Command  
  192  15:59  Drilling Claws, Mag-Field Accelerator  
  192  16:01  Planetary Fortress  
  183  17:03  Viking  
  183  17:04  Viking x3  
Tags
 
Add a new tag
Caveats
  • Supply blocks, unpowered buildings, or Contaminate may cause inaccurate times.
  • Supply counts are checked every 10 seconds.